 Dungeon Crawl Stone Soup version 0.23-a0-175-g97aacdb306 (webtiles) character file.

68 PikkenKukken the Skirmisher (level 4, -1/35 HPs)
             Began as a Demonspawn Fighter on Sept 17, 2018.
             Killed from afar by Terence (9 damage)
             ... with a wand of flame (17)
             ... on level 1 of the Dungeon.
             The game lasted 00:04:04 (1545 turns).

PikkenKukken the Skirmisher (Demonspawn Fighter)    Turns: 1545, Time: 00:04:04

Health: -1/35      AC: 13    Str: 21    XL:     4   Next: 1%
Magic:  4/4        EV:  3    Int:  9    God:
Gold:   100        SH:  9    Dex: 14    Spells: 3/3 levels left

rFire    . . .     SeeInvis .   a - +0 rapier
rCold    . . .     Gourm    .   c - +0 shield
rNeg     . . .     Faith    .   o - +0 plate armour
rPois    .         Spirit   .   l - +0 helmet
rElec    .         Reflect  .   (no cloak)
rCorr    .         Harm     .   (no gloves)
MR       +....                  n - +0 pair of boots
Stlth    ..........             (no amulet)
HPRegen  0.11/turn              p - ring of protection from magic
MPRegen  0.09/turn              (no ring)

@: mighty
A: powered by death 1
a: no special abilities


You were on level 1 of the Dungeon.
You were not hungry.

You visited 1 branch of the dungeon, and saw 2 of its levels.

You collected 100 gold pieces.

Inventory:

Hand Weapons
 a - a +0 rapier (weapon)
Armour
 b - a +0 scale mail
 c - a +0 shield (worn)
 k - a +2 ring mail of fire resistance
 l - a +0 helmet (worn)
 n - a +0 pair of boots (worn)
 o - a +0 plate armour (worn)
Jewellery
 p - a ring of protection from magic (left hand)
Scrolls
 j - a scroll of remove curse
Potions
 e - a potion of brilliance {unknown}
 g - a potion of degeneration
 h - 4 potions of flight
 i - 2 potions of ambrosia {unknown}
Comestibles
 f - 3 rations
 m - a chunk of flesh


   Skills:
 + Level 3.4 Fighting
 * Level 2.8 Short Blades
 + Level 3.1 Armour
 + Level 3.1 Shields


You had 3 spell levels left.
You didn't know any spells.
Your spell library was empty.

Dungeon Overview and Level Annotations

Branches:
Dungeon (2/15)

Altars:
Xom

Annotations:
D:1 Terence


Innate Abilities, Weirdness & Mutations

You regenerate a little health from kills.


Message History

Terence hits you but does no damage. The worm barely misses you.
You feel very mighty all of a sudden. Terence hits you but does no damage.
The worm bites you but does no damage.
You closely miss Terence.
Terence is moderately wounded.
Terence zaps a wand.
The puff of flame hits you!
* * * LOW HITPOINT WARNING * * *
You hit Terence.
Terence is moderately wounded.
You block Terence's attack. You block the worm's attack.
You hit Terence.
Terence is severely wounded.
Terence zaps a wand.
The puff of flame hits you!
* * * LOW HITPOINT WARNING * * *
You block the worm's attack. Terence hits you with a mace.
* * * LOW HITPOINT WARNING * * *
You closely miss Terence.
Terence is severely wounded.
Terence zaps a wand.
The puff of flame hits you!
You die...

#.#.#.#.##.###...........##
#.#.#....).(()..........###
#.#.###.##.#######......#
##.#.# #.......## #.#...##
#....######.#...###.##.##
#.....# #...#.....##.#
#.(...# ###...######.#
####..########.## #.#
#......@@##.# #.#
##.#####w##.# #.# #.#
#.##.# #.# #.#
#.##.#######.# #.#
#............#
#.############.###.#####
#.#.>..........# #......
#.#.############ #######
#.#.#


You could see Terence and a worm.

Vanquished Creatures
  Robin (D:2)
  An adder (D:2)
  A worm (D:2)
  A leopard gecko (D:1)
  A ball python (D:1)
  A giant cockroach (D:2)
  16 goblins
  6 hobgoblins
  5 bats
  3 frilled lizards
  4 kobolds (D:1)
  2 rats (D:1)
42 creatures vanquished.

Notes
Turn   | Place    | Note
-------+----------+-------------------------------------------
     0 | D:1      | PikkenKukken the Demonspawn Fighter began the quest for the
                  | Orb.
     0 | D:1      | Reached XP level 1. HP: 18/18 MP: 1/1
   143 | D:1      | Gained mutation: You regenerate a little health from kills.
                  | [demonic ancestry]
   143 | D:1      | Reached XP level 2. HP: 24/24 MP: 2/2
   701 | D:2      | Reached XP level 3. HP: 20/29 MP: 3/3
   947 | D:2      | Found a shimmering altar of Xom.
  1134 | D:2      | Noticed Robin
  1168 | D:2      | Killed Robin
  1411 | D:2      | Noticed Terence
  1420 | D:1      | Reached XP level 4. HP: 22/35 MP: 4/4
  1545 | D:1      | Killed from afar by Terence

Vault maps used:
D:1:      mrwooster_arrival_statue_3
D:2:      xom_teletrap_fun, minmay_misc_feat_enclosed, uniq_crazy_yiuf_cottage,
          uniq_robin, uniq_terence

Skill      XL: |  1  2  3 |
---------------+----------+-----
Short Blades   | 2 |  2.8
Armour         | 3 |  3.1
Shields        | 3 |  3.1
Fighting       | |  3.4

Action                   |  1- 3 |  4- 6 || total
-------------------------+-------+-------++-------
Melee: Rapier            |   136 |    20 ||   156
  Use: Scroll            |     6 |       ||     6
       Potion            |       |     1 ||     1
  Eat: Chunk             |     2 |       ||     2
Armor: Scale mail        |    12 |       ||    12
       Ring mail         |    12 |       ||    12
       Plate armour      |    32 |    15 ||    47
Dodge: Dodged            |    24 |     2 ||    26
Block: Shield            |    71 |    11 ||    82

Table legend:
 A = Non-vault XP
 B = Vault XP
 C = Vault XP percentage of total XP
 D = Non-vault monster count
 E = Vault monster count
 F = Vault count percentage of total count
                 A         B        C        D         E       F
            +---------+---------+-------+---------+---------+-------
      Total |      61 |      37 |  37.8 |      29 |      13 |  31.0
            +---------+---------+-------+---------+---------+-------
        D:1 |      34 |       0 |   0.0 |      21 |       0 |   0.0
        D:2 |      27 |      37 |  57.8 |       8 |      13 |  61.9
            +---------+---------+-------+---------+---------+-------
